 Dungeon Crawl Stone Soup version 0.27-a0-242-ge0fc76b88b (webtiles) character file.

Game seed: 10476253795368285254

18928 Borgoz the Carver (level 12, -6/107 HPs)
             Began as a Ghoul Gladiator on Feb 3, 2021.
             Mangled by a skeletal warrior
             ... wielding a +2 battleaxe of venom
             ... led by a death knight
              (14 damage)
             ... on level 12 of the Dungeon.
             The game lasted 00:31:30 (15918 turns).

Borgoz the Carver (Ghoul Gladiator)                Turns: 15918, Time: 00:31:31

Health: -6/107     AC: 11    Str: 19    XL:     12   Next: 63%
Magic:  11/11      EV: 19    Int:  3    God:
Gold:   973        SH:  5    Dex: 20    Spells: 11/11 levels left

rFire    + . .     SeeInvis .   u - +4 scimitar (freeze)
rCold    + . .     Faith    .   (no shield)
rNeg     + + +     Spirit   .   q - +0 steam dragon scales
rPois    ∞         Reflect  +   d - +2 hat {Will+}
rElec    .         Harm     .   (no cloak)
rCorr    .         Rampage  .   p - +0 pair of gloves
Will     +....                  j - +0 pair of boots
Stlth    ++........             c - amulet of reflection
HPRegen  0.00/turn              s - +6 ring of dexterity
MPRegen  0.12/turn              E - ring of protection from fire

@: mighty, very slightly contaminated, slowed, invisible, very slow
A: claws 1, cold resistance 1, negative energy resistance 3, inhibited
regeneration, torment resistance, unbreathing
a: no special abilities


You were on level 12 of the Dungeon.
You visited 1 branch of the dungeon, and saw 12 of its levels.
You also visited: Ossuary.

You collected 973 gold pieces.

Inventory:

Hand Weapons
 u - a +4 scimitar of freezing (weapon)
 w - a +4 great sword
 B - a +0 scimitar of electrocution
Armour
 d - a +2 hat of willpower (worn)
 j - a +0 pair of boots (worn)
 p - a +0 pair of gloves (worn)
 q - +0 steam dragon scales (worn)
 C - the +0 helmet of Devotion {Regen+ Int+6}
   (You found it on level 12 of the Dungeon)

   It affects your intelligence (+6).
   It increases your rate of regeneration.
Jewellery
 c - an amulet of reflection (around neck)
 l - an uncursed ring of resist corrosion
 m - a +4 ring of protection
 s - a +6 ring of dexterity (left hand)
 v - an uncursed ring of flight
 E - a ring of protection from fire (right hand)
Wands
 o - a wand of iceblast (41)
 D - a wand of flame (32)
Scrolls
 a - 6 scrolls of enchant weapon
 f - 5 scrolls of remove curse
 g - 2 scrolls of teleportation
 i - 2 scrolls of fog
 n - 6 scrolls of magic mapping
 r - 5 scrolls of fear
 y - a scroll of identify
 z - a scroll of silence {unknown}
 F - a scroll of enchant armour {unknown}
Potions
 b - 3 potions of magic
 e - 7 potions of flight
 h - a potion of haste
 k - a potion of curing
 t - a potion of might
 x - a potion of resistance {unknown}
 A - 3 potions of brilliance


   Skills:
 + Level 10.3 Fighting
 * Level 12.1 Long Blades
 - Level 1.7 Throwing
 + Level 8.4 Armour
 + Level 9.0 Dodging


You had 11 spell levels left.
You didn't know any spells.
Your spell library contained the following spells:

 Spells                   Type           Power        Failure   Level
 Foxfire                  Conj/Fire      0%           52%         1
 Confusing Touch          Hex            0%           88%         3
 Conjure Flame            Conj/Fire      0%           88%         3
 Gell's Gravitas          Tloc           0%           88%         3
 Ignite Poison            Fire/Tmut/Pois 0%           88%         3
 Inner Flame              Hex/Fire       0%           88%         3
 Mephitic Cloud           Conj/Pois/Air  0%           88%         3
 Cause Fear               Hex            0%           99%         4
 Petrify                  Tmut/Erth      0%           99%         4
 Sticky Flame             Conj/Fire      0%           99%         4
 Alistair's Intoxication  Tmut/Pois      0%           100%        5
 Fireball                 Conj/Fire      0%           100%        5
 Metabolic Englaciation   Hex/Ice        0%           100%        5
 Silence                  Hex/Air        0%           100%        5
 Yara's Violent Unravell  Hex/Tmut       0%           100%        5
 Starburst                Conj/Fire      0%           100%        6
 Discord                  Hex            0%           100%        8
 Ignition                 Fire           0%           100%        8


Dungeon Overview and Level Annotations

Branches:
Dungeon (12/15)            Temple (0/1) D:5            Lair (0/6) D:10
    Orc (0/2) D:10        Ossuary (visited)

Altars:
Elyvilon
Kikubaaqudgha
Makhleb
Ru
Sif Muna
Trog
Vehumet
Wu Jian

Shops:
D:4 *   D:6 ?   D:7 [


Innate Abilities, Weirdness & Mutations

You thrive by killing the living.
You are immune to poison.
You have sharp fingernails.
Your flesh is cold resistant. (rC+)
You are immune to negative energy. (rN+++)
You do not regenerate when monsters are visible.
You are immune to unholy pain and torment.
You can survive without breathing.


Message History

The death knight misses you. The wraith misses you.
You block the skeletal warrior's attack.
The phantasmal warrior barely misses you.
You riposte.
You hit the phantasmal warrior. You freeze the phantasmal warrior.
The phantasmal warrior is severely damaged.
You hit the phantasmal warrior. You freeze the phantasmal warrior.
The phantasmal warrior is almost destroyed.
The wraith misses you.
You riposte.
You closely miss the wraith. The death knight completely misses you.
The phantasmal warrior barely misses you.
You block the skeletal warrior's attack.
You hit the phantasmal warrior.
The phantasmal warrior is almost destroyed.
The wraith closely misses you. The death knight barely misses you.
The phantasmal warrior barely misses you.
You block the wraith's attack.
You slash the phantasmal warrior!
You destroy the phantasmal warrior!
The skeletal warrior hits you with a +2 battleaxe of venom!
You die...

# #..# #..# .# # #..#
#..# # # #..# #..# #
#..# #..# # #..# #..# #
#<.# #..# # # #..# #..#
.#
#####..####..#####..####
................@pz.....
................Wz......
#.............####.)....
#...........(.# ......
#.............# .....
#.............# .....
#.............# ....
#........?$...# ....
#.............#


You could see a death knight, 2 skeletal warriors and a wraith.

Vanquished Creatures
  Gastronok (D:8)
  A boulder beetle (D:11)
  A hydra (D:9)
  2 two-headed ogres
  A skeletal warrior (D:7)
  3 unseen horrors
  A phantasmal warrior (D:12)
  2 deep elf pyromancers
  3 ugly things
  A gargoyle (D:9)
  2 trolls
  2 hornets
  A wraith (D:11)
  6 yaks (D:12)
  A wyvern (D:11)
  A steam dragon (D:8)
  2 wargs (D:10)
  An acid dragon (D:12)
  2 soldier ants
  A water moccasin (D:7)
  3 sky beasts
  4 orc warriors
  Duvessa (D:7)
  2 ice beasts
  2 black bears
  An eye of draining (D:12)
  5 ogres
  3 centaurs
  8 phantoms
  3 big kobolds
  14 bullfrogs
  A wyvern zombie (D:7)
  Dowan (D:7)
  2 scorpions
  19 killer bees
  A water moccasin skeleton (D:6)
  22 wights
  A bullfrog zombie (D:9)
  A quasit (D:10)
  4 bullfrog skeletons
  3 orc priests
  4 centaur zombies
  6 hounds
  A jelly (D:5)
  Ijyb (D:4)
  4 centaur skeletons
  An iguana (D:9)
  8 orc wizards
  10 worker ants
  A killer bee zombie (D:5)
  2 hound zombies
  8 mummies (Ossuary)
  A worker ant zombie (D:8)
  15 adders
  4 shadow imps
  4 white imps
  2 adder skeletons
  3 worms (D:2)
  2 dart slugs
  7 leopard geckos
  30 orcs
  4 giant cockroaches
  10 goblins
  7 hobgoblins
  19 jackals
  3 quokkas
  2 ball pythons
  8 bats
  5 frilled lizards
  2 gnoll zombies (Ossuary)
  2 hobgoblin zombies (Ossuary)
  A jackal skeleton (D:5)
  29 kobolds
  3 kobold zombies (Ossuary)
  2 leopard gecko skeletons
  An orc zombie (Ossuary)
  A quokka skeleton (D:6)
  A quokka zombie (D:7)
  10 rats
  A butterfly (D:7)
361 creatures vanquished.

Vanquished Creatures (others)
  A wizard (D:9)
  An ooze (D:2)
  8 plants (D:7)
10 creatures vanquished.

Grand Total: 371 creatures vanquished

Notes
Turn   | Place    | Note
-------+----------+-------------------------------------------
     0 | D:1      | Borgoz the Ghoul Gladiator began the quest for the Orb.
     0 | D:1      | Reached XP level 1. HP: 17/17 MP: 0/0
   480 | D:1      | Reached XP level 2. HP: 25/25 MP: 1/1
   517 | D:1      | Reached skill level 3 in Long Blades
   838 | D:1      | Reached XP level 3. HP: 30/30 MP: 2/2
  1434 | D:2      | Found a sacrificial altar of Ru.
  1546 | D:2      | Found a radiant altar of Vehumet.
  1709 | D:2      | Reached skill level 1 in Armour
  1907 | D:2      | Reached XP level 4. HP: 32/37 MP: 3/3
  2853 | D:2      | Found a shimmering blue altar of Sif Muna.
  3102 | D:3      | Reached XP level 5. HP: 41/45 MP: 4/4
  3440 | D:3      | Reached skill level 4 in Long Blades
  3693 | D:4      | Reached XP level 6. HP: 41/51 MP: 5/5
  3766 | D:4      | Found Xosutuar's General Store.
  3802 | D:4      | Found an ornate altar of the Wu Jian Council.
  3962 | D:4      | Noticed Ijyb
  3972 | D:4      | Killed Ijyb
  4236 | D:4      | Reached XP level 7. HP: 45/59 MP: 6/6
  4248 | D:4      | Reached skill level 5 in Long Blades
  4451 | D:5      | Entered Level 5 of the Dungeon
  4567 | D:5      | Found a white marble altar of Elyvilon.
  4679 | D:5      | Found a staircase to the Ecumenical Temple.
  5127 | D:5      | Reached XP level 8. HP: 67/67 MP: 7/7
  5515 | D:5      | Reached skill level 5 in Fighting
  5916 | D:6      | Reached skill level 6 in Long Blades
  6164 | D:6      | Reached skill level 5 in Dodging
  6549 | D:6      | Reached skill level 7 in Long Blades
  6549 | D:6      | Reached XP level 9. HP: 70/75 MP: 8/8
  6645 | D:6      | Found Mahita's Magic Scroll Emporium.
  6973 | D:7      | Found Sasyc's Armour Shoppe.
  6993 | D:7      | Noticed Duvessa
  6993 | D:7      | Noticed Dowan
  7001 | D:7      | Killed Duvessa
  7004 | D:7      | Killed Dowan
  7052 | D:7      | Found a sand-covered staircase.
  7057 | Ossuary  | Entered an ossuary
  7394 | D:7      | Found a burning altar of Makhleb.
  7875 | D:7      | Reached skill level 5 in Armour
  8203 | D:7      | Reached skill level 8 in Long Blades
  8226 | D:7      | Noticed a skeletal warrior
  8246 | D:7      | Killed a skeletal warrior
  8247 | D:7      | Reached XP level 10. HP: 39/86 MP: 9/9
  8787 | D:8      | Noticed Gastronok
  9179 | D:8      | Noticed a two-headed ogre
  9184 | D:8      | Reached skill level 9 in Long Blades
  9188 | D:8      | Killed a two-headed ogre
  9383 | D:8      | Killed Gastronok
  9384 | D:8      | Reached XP level 11. HP: 65/95 MP: 10/10
  9560 | D:8      | Reached skill level 10 in Long Blades
  9757 | D:8      | Found Seranawk's Antique Weapon Shoppe.
 10070 | D:8      | Found a bloodstained altar of Trog.
 10394 | D:9      | Found an ancient bone altar of Kikubaaqudgha.
 10452 | D:9      | Noticed a five-headed hydra
 10481 | D:9      | Killed a 14-headed hydra
 11402 | D:9      | Found a bloodstained altar of Trog.
 11404 | D:9      | Noticed a wizard
 11408 | D:9      | Killed a wizard
 11683 | D:10     | Entered Level 10 of the Dungeon
 11862 | D:10     | Noticed a deep elf pyromancer
 11877 | D:10     | Killed a deep elf pyromancer
 11989 | D:10     | Identified the Grimoire of the Volcanoes and Intoxication
 12142 | D:10     | Found a staircase to the Orcish Mines.
 12323 | D:10     | Found a staircase to the Lair.
 12945 | D:11     | Noticed a boulder beetle
 12982 | D:11     | Killed a boulder beetle
 12983 | D:11     | Reached skill level 11 in Long Blades
 13314 | D:11     | Noticed a two-headed ogre
 13323 | D:11     | Killed a two-headed ogre
 13510 | D:11     | Noticed a cyan ugly thing
 13512 | D:11     | Reached XP level 12. HP: 105/105 MP: 11/11
 14574 | D:12     | Reached skill level 10 in Fighting
 15485 | D:12     | Reached skill level 12 in Long Blades
 15601 | D:12     | Got a fine helmet
 15612 | D:12     | Identified the +0 helmet of Devotion {Regen+ Int+6} (You
                  | found it on level 12 of the Dungeon)
 15900 | D:12     | Noticed a death knight
 15918 | D:12     | Mangled by a skeletal warrior

Illustrated notes

Levels and vault maps discovered:
D:1:      saegor_arrival_miasma, layout_loops_corners, serial_bayou,
          serial_bayou_pond_b, serial_bayou_pond_d, serial_bayou_ford_a,
          serial_bayou_pond_c, serial_bayou_pond_d
D:2:      layout_basic, lemuel_blue_sif_altar, fiery_altar_vehumet,
          nicolae_ru_great_annihilating_truth, st_stairs_7
D:3:      layout_rooms, st_stairs_3
D:4:      layout_rooms, nicolae_overflow_crystal_walls, serial_shops, shop,
          uniq_ijyb
D:5:      layout_loops_corners, elyvilon_altar_3,
          minmay_temple_entry_butterflies
D:6:      layout_loops_ring, serial_shops, nicolae_shop_statue_plus,
          grunt_ministairs_4, lemuel_old_faithful
D:7:      nzn_winding_woodlands_stair_cross [nzn_winding_woodlands_5x15_default,
          nzn_winding_woodlands_center_diamonds, nzn_winding_woodlands_5x15_eye,
          nzn_winding_woodlands_5x5_three, nzn_winding_woodlands_5x5_cross,
          nzn_winding_woodlands_5x15_concentric,
          nzn_winding_woodlands_center_garden,
          nzn_winding_woodlands_5x15_pockets], layout_basic,
          kennysheep_mini_moat, serial_shops, shop,
          lightli_ossuary_entry_decrepit_ruins, uniq_duvessa
D:8:      layout_layer_cave, serial_shops, shop, basic_altar, uniq_gastronok
D:9:      layout_grid_maze, kiku_gazebo_garden_becter, trog_wizard
D:10:     layout_irregular_city, lair_entry_dummy, minmay_orc_entry_guard_dogs,
          minmay_librarian
D:11:     layout_stronghold
D:12:     layout_small_grid, enter_trove_3, kennysheep_generic_room_2

Skill      XL: |  1  2  3  4  5  6  7  8  9 10 11 12 |
---------------+-------------------------------------+-----
Long Blades    | 3 4 5 7 8 9 11 12 | 12.1
Dodging        | 3 4 5 6 7 8 9 |  9.0
Armour         | 1 2 3 4 5 6 7 8 |  8.4
Fighting       | 3 4 5 7 8 9 10 | 10.3
Throwing       | |  1.7

Action                   |  1- 3 |  4- 6 |  7- 9 | 10-12 || total
-------------------------+-------+-------+-------+-------++-------
Melee: Long sword        |    24 |       |       |       ||    24
       Dagger            |   116 |   250 |    57 |       ||   423
       Scimitar          |       |     8 |   283 |   619 ||   910
Throw: Throwing net      |       |       |     1 |     2 ||     3
Evoke: Wand              |       |       |       |     2 ||     2
  Use: Potion            |     3 |       |       |    12 ||    15
       Scroll            |       |     9 |     3 |     9 ||    21
 Stab: Paralysed         |     2 |       |       |       ||     2
       Sleeping          |       |       |     1 |     4 ||     5
       Held in net/web   |       |       |       |     1 ||     1
Armor: Leather armour    |    38 |   108 |   137 |    38 ||   321
       Steam dragon scal |       |       |       |   172 ||   172
Dodge: Dodged            |    84 |   184 |   217 |   551 ||  1036
Block: Other             |       |       |       |   138 ||   138
       Reflection        |       |       |       |     5 ||     5
       Rpst.: Long sword |     5 |       |       |       ||     5
       Scimitar          |       |     1 |    55 |   170 ||   226

Table legend: (Time is in decaauts)
 A = Elapsed time spent in this place.
 B = Non-inter-level travel time spent in this place.
 C = Inter-level travel time spent in this place.
 D = Time resting spent in this place.
 E = Time spent auto-exploring this place.
 F = Levels seen in this place.
 G = Mean time per level.
                   A        B        C        D        E       F      G
               +--------+--------+--------+--------+--------+-----+--------+
         Total |  15802 |  15498 |    304 |   4014 |   8474 |  13 | 1215.5 |
       Dungeon |  15518 |  15214 |    304 |   3910 |   8409 |  12 | 1293.2 |
       Ossuary |    283 |    283 |      0 |    104 |     65 |   1 |  283.0 |
               +--------+--------+--------+--------+--------+-----+--------+

Top non-repeatable levels by time:
     D:7: 2005 daAuts
    D:11: 1983 daAuts
     D:2: 1530 daAuts
     D:5: 1431 daAuts
     D:1: 1423 daAuts
    D:12: 1371 daAuts
     D:9: 1290 daAuts
     D:8: 1241 daAuts
     D:6: 963 daAuts
     D:4: 871 daAuts
    D:10: 812 daAuts
     D:3: 592 daAuts
 Ossuary: 283 daAuts
